 Dungeon Crawl Stone Soup version 0.30-a0-341-g682706514a (webtiles) character file.

Game seed: 2819690846626663199

315 LnG the Sneak (level 6, -7/33 (34) HPs)
             Began as a Kobold Summoner on Nov 2, 2022.
             Mangled by Duvessa
             ... wielding a +3 rapier of draining
              (21 damage)
             ... on level 4 of the Dungeon.
             The game lasted 00:08:57 (3455 turns).

LnG the Sneak (Kobold Summoner)                     Turns: 3455, Time: 00:09:02

HP:   -7/33 (34)    AC:  9    Str:  6    XL:     6   Next: 72%
MP:   6/9           EV: 15    Int: 18    God:
Gold: 222           SH:  0    Dex: 15    Spells: 1/10 levels left

rFire   . . .      SeeInvis .    e - +1 dagger
rCold   . . .      Faith    .    (no shield)
rNeg    . . .      Spirit   .    a - +1 robe
rPois   .          Reflect  .    (no helmet)
rElec   .          Harm     .    (no cloak)
rCorr   .          Rampage  .    l - +1 pair of gloves
Will    .....                    (no boots)
Stlth   +++++.....               (no amulet)
HPRegen 0.25/turn                s - +4 ring of protection
MPRegen 0.11/turn                q - ring of wizardry

@: lightly drained
A: small, no large weapons, nightstalker 3
a: no special abilities


You were on level 4 of the Dungeon.
You visited 1 branch of the dungeon, and saw 5 of its levels.

You collected 222 gold pieces.

Inventory:

Hand Weapons
 e - a +1 dagger (weapon)
Armour
 a - a +1 robe (worn)
 l - a +1 pair of gloves (worn)
Jewellery
 h - a ring of positive energy
 m - a ring of ice
 q - a ring of wizardry (right hand)
 s - a +4 ring of protection (left hand)
Wands
 u - a wand of roots (15)
Scrolls
 d - a scroll of enchant armour
 f - a scroll of butterflies
 i - a scroll of vulnerability
 k - a scroll of teleportation
 p - a scroll of amnesia
 t - a scroll of blinking {unknown}
Potions
 b - a potion of magic
 c - 4 potions of flight
 g - a potion of lignification {unknown}
 j - a potion of ambrosia {unknown}
 n - 3 potions of heal wounds {unknown}
 o - 4 potions of curing {unknown}
 r - a potion of haste {unknown}


   Skills:
 + Level 1.4 Fighting
 + Level 1.7 Short Blades
 * Level 3.6 Dodging
 * Level 7.1 Stealth
 + Level 2.5 Spellcasting
 + Level 4.6 Summonings


You had one spell level left.
You knew the following spells:

 Your Spells              Type           Power      Damage    Failure   Level
a - Summon Small Mammal   Summ           76%        N/A       1%          1
b - Call Imp              Summ           19%        N/A       1%          2
c - Call Canine Familiar  Summ           19%        N/A       3%          3
d - Summon Guardian Gole  Hex/Summ       10%        N/A       9%          3

Your spell library contained the following spells:

 Spells                   Type           Power      Damage    Failure   Level
 Kindle Blastsparks       Fire/Tloc/Air  4%         2d10      21%         3
 Ozocubu's Armour         Ice            2%         N/A       21%         3
 Portal Projectile        Hex/Tloc       4%         N/A       21%         3
 Summon Lightning Spire   Summ/Air       10%        N/A       26%         4
 Fulminant Prism          Conj/Hex       1%         3d5       52%         4
 Iskenderun's Mystic Bla  Conj/Tloc      2%         2d3       52%         4
 Leda's Liquefaction      Hex/Erth       1%         N/A       52%         4
 Lee's Rapid Deconstruct  Erth           1%         3d4*      86%         5
 Metabolic Englaciation   Hex/Ice        1%         N/A       86%         5
 Simulacrum               Ice/Necr       1%         N/A       100%        6


Dungeon Overview and Level Annotations

Branches:
Dungeon (5/15)
 Temple: D:4-7

Altars:
Ashenzari
Fedhas
Ru
Sif Muna
Uskayaw
Yredelemnul

Annotations:
D:4 Duvessa


Innate Abilities, Weirdness & Mutations

You are small and have problems with some larger weapons.
You are completely attuned to the shadows.


Message History

You hit the iguana but do no damage.
The iguana is heavily wounded.
Your white imp hits the iguana but does no damage.
Your hound bites the iguana but does no damage.
The iguana bites you.
You hit the iguana but do no damage.
The iguana is heavily wounded.
Your hound bites the iguana but does no damage.
Your white imp hits the iguana.
Your white imp freezes the iguana.
The iguana seems to slow down.
The iguana bites you but does no damage.
Your hound bites the iguana.
You closely miss the iguana.
The iguana is almost dead.
Your white imp hits the iguana but does no damage.
Your hound bites the iguana but does no damage.
You hit the iguana.
You kill the iguana!
You start resting.
Your white imp disappears in a puff of smoke!
Magic restored.
Your hound disappears in a puff of smoke!
You start resting.
HP restored.
c - 4 potions of flight (gained 1) Dowan, Brother of Duvessa comes into view.
He is wielding a +1 dagger of draining.
Duvessa, Sister of Dowan comes into view.
She is wielding a +3 rapier of draining.
The helpless Dowan fails to defend himself.
You impale Dowan!!
You kill Dowan!
Duvessa weeps, and shakes her weapon @at_foe@.
Duvessa goes berserk!
Your Stealth skill increases to level 7!
Casting: Call Imp (safe; 1% risk of failure)
Confirm with . or Enter, or press ? or * to list all spells.
Duvessa hits you with a +3 rapier of draining!
You feel drained.
Duvessa hits you with a +3 rapier of draining!!
Ouch! That really hurt!
You die...

........<#
#.....#.^.PP#####
....†....##......#######
.........##.#........
............##......#
.......... ####....#
#.#...... ..........
..#.h..... . #..@....
#...e)... ........#
........# .##......


You could see Duvessa (berserk, ally target) and a friendly hound (summoned).

Vanquished Creatures
  A scorpion (D:5)
  Dowan (D:4)
  2 howler monkeys (D:5)
  2 iguanas (D:4)
  2 adders
  A dart slug (D:1)
  An orc (D:4)
  A bat (D:3)
  5 endoplasms
  4 giant cockroaches
  3 goblins
  4 hobgoblins
  3 quokkas
  9 ball pythons
  5 kobolds
  6 rats
50 creatures vanquished.

Vanquished Creatures (collateral kills)
  A worm (D:2)
  3 ball pythons (D:1)
  An endoplasm (D:1)
  A giant cockroach (D:1)
  3 goblins
  2 quokkas
  A bat (D:2)
  A kobold (D:1)
  4 rats
17 creatures vanquished.

Vanquished Creatures (others)
  2 plants (D:1)
  4 toadstools (D:1)
6 creatures vanquished.

Grand Total: 73 creatures vanquished

Notes
Turn   | Place    | Note
-------+----------+-------------------------------------------
     0 | D:1      | LnG the Kobold Summoner began the quest for the Orb.
     0 | D:1      | Reached XP level 1. HP: 10/10 MP: 3/3
   242 | D:1      | Reached XP level 2. HP: 11/15 MP: 1/5
   245 | D:1      | Learned a level 2 spell: Call Imp
  1014 | D:1      | Reached skill level 3 in Stealth
  1109 | D:1      | Reached XP level 3. HP: 19/19 MP: 6/6
  1113 | D:1      | Learned a level 3 spell: Call Canine Familiar
  2185 | D:3      | Found a shimmering blue altar of Sif Muna.
  2290 | D:3      | Reached XP level 4. HP: 24/24 MP: 7/7
  2507 | D:3      | Found a hide-covered altar of Uskayaw.
  2528 | D:3      | Found a faded altar of an unknown god.
  2733 | D:4      | You fall into a shaft and drop 1 floor!
  2733 | D:5      | Entered Level 5 of the Dungeon
  2740 | D:5      | Reached skill level 4 in Stealth
  2750 | D:5      | Reached XP level 5. HP: 22/28 MP: 8/8
  2797 | D:5      | Reached skill level 5 in Stealth
  2879 | D:5      | Noticed a black bear
  2884 | D:5      | Found a blossoming altar of Fedhas.
  2884 | D:5      | Found a broken altar of Ashenzari.
  2916 | D:5      | Found a basalt altar of Yredelemnul.
  2952 | D:5      | Reached skill level 1 in Short Blades
  2952 | D:5      | Reached skill level 6 in Stealth
  2952 | D:5      | Reached XP level 6. HP: 24/33 MP: 9/9
  3019 | D:4      | Reached skill level 1 in Fighting
  3028 | D:4      | Learned a level 3 spell: Summon Guardian Golem
  3253 | D:4      | Found a sacrificial altar of Ru.
  3450 | D:4      | Noticed Dowan
  3451 | D:4      | Noticed Duvessa
  3454 | D:4      | Killed Dowan
  3455 | D:4      | Reached skill level 7 in Stealth
  3455 | D:4      | Mangled by Duvessa

Illustrated notes

Levels and vault maps discovered:
D:1:      ldierk_walled_garden_2, layout_loops_corners
D:2:      layout_rooms, interstate_on_off, minmay_stone_trees_small
D:3:      layout_rooms, amcnicky_altar_gilded,
          mainiacjoe_overflow_six_doors_small,
          shapermc_ecumenical_altar_mp_highgroup
D:4:      layout_cave_pools, nicolae_ru_the_path_less_chosen, uniq_duvessa
D:5:      layout_basic, grunt_temple_overflow_open,
          hangedman_abyss_or_decor_passed, uniq_ijyb

Skill      XL: |  1  2  3  4  5  6 |
---------------+-------------------+-----
Stealth        | 3 4 6 7 |  7.1
Dodging        | 3 |  3.6
Short Blades   | 1 |  1.7
Fighting       | 1 |  1.4
Spellcasting   | |  2.5
Summonings     | |  4.6

Action                   |  1- 3 |  4- 6 || total
-------------------------+-------+-------++-------
Melee: Unarmed           |     7 |       ||     7
       Dagger            |   104 |    68 ||   172
       Punch             |     3 |       ||     3
 Cast: Summon Small Mamm |     6 |       ||     6
       Call Imp          |     6 |     1 ||     7
       Call Canine Famil |     2 |     3 ||     5
  Use: Scroll            |     6 |     6 ||    12
 Stab: Sleeping          |    13 |    18 ||    31
       Distracted        |       |     1 ||     1
Armor: Robe              |    23 |    14 ||    37
Dodge: Dodged            |    59 |    31 ||    90

Table legend: (Time is in decaauts)
 A = Elapsed time spent in this place.
 B = Non-inter-level travel time spent in this place.
 C = Inter-level travel time spent in this place.
 D = Time resting spent in this place.
 E = Time spent auto-exploring this place.
 F = Levels seen in this place.
 G = Mean time per level.
                   A        B        C        D        E       F      G
               +--------+--------+--------+--------+--------+-----+--------+
         Total |   3449 |   3308 |    141 |    271 |   2254 |   5 |  689.8 |
       Dungeon |   3449 |   3308 |    141 |    271 |   2254 |   5 |  689.8 |
               +--------+--------+--------+--------+--------+-----+--------+

Top non-repeatable levels by time:
     D:1: 1462 daAuts
     D:2: 671 daAuts
     D:3: 547 daAuts
     D:4: 523 daAuts
     D:5: 244 daAuts
